 Dungeon Crawl Stone Soup version 0.31-a0-700-gf13585253f (webtiles) character file.

Game seed: 16564696087382094052

50 qw the Shooter (level 3, -3/23 HPs)
             Began as a Gargoyle Hunter on Sept 7, 2023.
             Slain by a gnoll
             ... wielding a +0 club
              (4 damage)
             ... on level 2 of the Dungeon.
             The game lasted 00:00:28 (1037 turns).

qw the Shooter (Gargoyle Hunter)                    Turns: 1037, Time: 00:00:28

Health: -3/23      AC:  6    Str: 14    XL:     3   Next: 79%
Magic:  3/3        EV: 11    Int:  9    God:
Gold:   73         SH:  0    Dex: 15    Spells: 2/2 levels left

rFire   . . .        Y - +0 shortbow
rCold   . . .        (shield currently unavailable)
rNeg    + . .        c - +0 leather armour
rPois   inf          (no helmet)
rElec   +            (no cloak)
rCorr   .            (no gloves)
SInv    .            (no boots)
Will    .....        (no amulet)
Stlth   ++           (no ring)
HPRegen 0.23/turn    (no ring)
MPRegen 0.08/turn

%: no passive effects
@: no status effects
A: sickness immunity, AC +3, negative energy resistance 1, electricity
resistance, torment resistance 1, petrification resistance
a: no special abilities


You were on level 2 of the Dungeon.
You visited 1 branch of the dungeon, and saw 2 of its levels.

You collected 73 gold pieces.


Innate Abilities, Weirdness & Mutations

You are immune to sickness and miasma.
Your stone body is resilient. (AC +3)
You are immune to poison.
You resist negative energy. (rN+)
You are resistant to electric shocks. (rElec)
You are resistant to unholy torment.
You are immune to petrification.


   Skills:
 - Level 3.0 Fighting
 + Level 5.0 Ranged Weapons
 - Level 1.5 Dodging
 - Level 1.1 Stealth


You had 2 spell levels left.
You didn't know any spells.
Your spell library was empty.

Inventory:

Hand Weapons
 Y - a +0 shortbow (weapon)
Armour
 c - a +0 leather armour (worn)
Scrolls
 a - a scroll of identify
Potions
 f - a potion of heal wounds {unknown}
 g - a potion of mutation {unknown}

Dungeon Overview and Level Annotations

Branches:
Dungeon (2/15)

Altars:


Message History

The arrow hits the gnoll but does no damage.
The gnoll is heavily wounded.
You shoot an arrow. The arrow hits the gnoll.
The gnoll is almost dead.
1032 |||
Found retreat position at 2,0 (gnoll; floor) with 0 blocking monsters and 2 monsters attacking at destination at distance 2
Enter note:
Enter note:
Enter note:
Enter note:
1033 |||
Found retreat position at 2,0 (gnoll; floor) with 0 blocking monsters and 2 monsters attacking at destination at distance 2
Enter note:
Enter note:
1033 ||| Stepping ~*~*~tactically~*~*~ (retreating).
The gnoll hits you with a +0 flail. The gnoll hits you but does no damage.
The gnoll barely misses you.
1034 |||
Found retreat position at 1,0 (gnoll; floor) with 0 blocking monsters and 2 monsters attacking at destination at distance 1 You shoot an arrow.
The arrow closely misses the gnoll.
The arrow hits the gnoll.
The gnoll is lightly wounded.
The gnoll closely misses you. The gnoll hits you with a +0 club.
The gnoll hits you from afar with a +0 spear.
The gnoll barely misses you. The gnoll hits you with a +0 club.
1035 |||
Found retreat position at 1,0 (gnoll; floor) with 0 blocking monsters and 2 monsters attacking at destination at distance 1 You shoot an arrow.
The arrow barely misses the gnoll.
The arrow hits the gnoll.
The gnoll is heavily wounded.
The gnoll hits you from afar with a +0 spear.
The gnoll hits you with a +0 flail. The gnoll barely misses you.
1036 |||
Found retreat position at 1,0 (gnoll; floor) with 0 blocking monsters and 2 monsters attacking at destination at distance 1 You shoot an arrow.
The arrow hits the gnoll but does no damage.
The gnoll is almost dead.
The gnoll hits you from afar with a +0 spear.
The gnoll misses you. The gnoll barely misses you.
1037 |||
Found retreat position at 1,0 (gnoll; floor) with 0 blocking monsters and 2 monsters attacking at destination at distance 1 You shoot an arrow.
The arrow hits the gnoll but does no damage.
The gnoll is almost dead.
The gnoll hits you from afar with a +0 spear.
The gnoll barely misses you. The gnoll hits you with a +0 club.
You die...

.P ............
##.P.....P.####.#........
...P.....P...........#...
.#.P.P.....####..........
...PP.........#......##..
#....PP.. #.#.....###..
<...P... #.#.....# ###
#####..g#####.#..########
........@gg..............
#############.###########
..# #............... ...
#.# #.###........# ###
#.# #.# #.......)+ #.#
#.# #........# #(# #.#
####...#.# #.# #.#
####.###.###### #.# #.#
#........#....#


You could see 3 gnolls.

Vanquished Creatures
  An adder (D:2)
  2 dart slugs
  3 endoplasms
  4 giant cockroaches (D:1)
  2 goblins (D:1)
  4 hobgoblins
  3 jackals (D:1)
  2 quokkas (D:1)
  2 bats (D:1)
  A frilled lizard (D:1)
  4 kobolds
  6 rats (D:1)
34 creatures vanquished.

Notes
Turn   | Place    | Note
-------+----------+-------------------------------------------
     0 | D:1      | qw the Gargoyle Hunter began the quest for the Orb.
     0 | D:1      | Reached XP level 1. HP: 12/12 MP: 1/1
     0 | D:1      | 0 ||| qw: Version: 0.3-a-76-g4403597
     0 | D:1      | 0 ||| qw: Game counter: 574
     0 | D:1      | 0 ||| qw: Melee chars always use a shield: true
     0 | D:1      | 0 ||| qw: God list: Okawaru
     0 | D:1      | 0 ||| qw: Allow faded altars: false
     0 | D:1      | 0 ||| qw: Do Orc after clearing Dungeon:15 true
     0 | D:1      | 0 ||| qw: Do second Lair branch before Depths: true
     0 | D:1      | 0 ||| qw: Lair rune preference: random
     0 | D:1      | 0 ||| qw: Goals: Normal
     0 | D:1      | 0 ||| PLANNING D:1-11
   106 | D:1      | Reached XP level 2. HP: 17/17 MP: 2/2
   336 | D:1      | Reached XP level 3. HP: 21/21 MP: 3/3
   462 | D:1      | Reached skill level 5 in Ranged Weapons
   707 | D:1      | 707 ||| READING 3 scrolls labelled NAUS PUGHOMEI.
   708 | D:1      | 708 ||| READING 2 scrolls of identify.
   708 | D:1      | 708 ||| IDENTIFYING black potion
   709 | D:1      | 709 ||| DROPPING scroll of butterflies.
   710 | D:1      | 710 ||| DROPPING potion of brilliance.
   728 | D:2      | Found a faded altar of an unknown god.
  1004 | D:2      | Reached skill level 3 in Fighting
  1022 | D:2      | 1022 ||| RETREATING.
  1033 | D:2      | 1033 ||| Stepping ~*~*~tactically~*~*~ (retreating).
  1036 | D:2      | HP: 3/23 [gnoll/+0 spear (4)]
  1037 | D:2      | HP: 1/23 [gnoll/+0 spear (3)]
  1037 | D:2      | Slain by a gnoll

Levels and vault maps discovered:
D:1:      minmay_arrival_four_circles, layout_basic, serial_bayou_ford_a,
          minmay_pentomino_t2
D:2:      layout_basic, hellmonk_ecumenical_altar_run_dry, nicolae_grassy_gnolls

Skill      XL: |  1  2  3 |
---------------+----------+-----
Ranged Weapons | 5 |  5.0
Fighting       | 3 |  3.0
Dodging        | |  1.5
Stealth        | |  1.1

Action                     || total
---------------------------++-------
   Fire: Shortbow          ||   117
    Use: Scroll            ||     2
 Armour: Leather armour    ||    40
  Dodge: Dodged            ||    38

Table legend:
 A = Non-vault XP
 B = Vault XP
 C = Vault XP percentage of total XP
 D = Non-vault monster count
 E = Vault monster count
 F = Vault count percentage of total count
                 A         B        C        D         E       F
            +---------+---------+-------+---------+---------+-------
      Total |      71 |       1 |   1.4 |      33 |       1 |   2.9
            +---------+---------+-------+---------+---------+-------
        D:1 |      46 |       1 |   2.1 |      27 |       1 |   3.6
        D:2 |      25 |       0 |   0.0 |       6 |       0 |   0.0
            +---------+---------+-------+---------+---------+-------
